Unix xNetHack Version 7.1.0 - last build Jul 4 2022 02:09:00 (ec8469f2eb63cac24863ec985b09651f3a72bf9f). Game began 2022-07-02 14:49:25, ended 2022-07-09 17:37:54. elenmirie, neutral female human Tourist ----------------- |...............| ---...----|----.%.--- |....--..)%...--....| -------...--....)%...--...------- ----- |.%%......|...).).....|.........| ---- ...| |...--------....)....--------...| |.. ---------..-- ----)---- --.......-- ----|---- --Aa--------- |.......|...-- --..%)...-- -----|----- --...)..[-- --J..|.......| |.......|....---....%....-----.(%))%...-----.%..%....---.qm.|z@.....| |..._)..).)..%-?...)......||..%...%.%....||.........%&-)@H@@ff@.@...| |.......|....---...).....--|. ----|---- .|--.........---..Nq|H...@..|A |.......|...-- --.......-- | |.......| | --.......-- --.Ha|.......| ---------..-- --------- |....%..| --------- --..--------- ...| |..._...| |.. a a A @ ----- |.......| ---- |.......| --------- Elenmirie the Explorer St:25 Dx:18 Co:18 In:18 Wi:17 Ch:18 Neutral Astral Plane $:0 HP:193(324) Pw:149(149) AC:-35 Xp:26/463269 Satiated Fly T:43643 Latest messages: Eve the Lady swings her axe at the priestess of Offler. Eve the Lady hews the priestess of Offler. Eve the Lady swings her axe at the priestess of Offler. Eve the Lady lacerates the priestess of Offler. You hear a distant zap. The priestess of Blind Io swings her mace at the priestess of Offler. The priestess of Blind Io brains the priestess of Offler. The priestess of Blind Io kicks the priestess of Offler. The priestess of Offler is killed! The priestess of Offler swings her mace at Eve the Lady. The priestess of Offler misses Eve the Lady. The priestess of Offler misses Eve the Lady. The priestess of Offler reads a scroll of create monster! A giant mimic suddenly appears close by! A displacer beast suddenly appears close by! A baluchitherium suddenly appears close by! A golden naga suddenly appears close by! A jabberwock suddenly appears close by! An ettin suddenly appears close by! A zruty suddenly appears close by! An ettin suddenly appears close by! A displacer beast suddenly appears close by! A fire giant suddenly appears close by! A titanothere suddenly appears close by! The priest of Moloch swings his copper mace at the titanothere. The priest of Moloch hits the titanothere. The priest of Moloch kicks the titanothere. The high priestess of The Lady swings her mace. The high priestess of The Lady hits you! The high priestess of The Lady kicks! The air crackles around the high priestess of The Lady. The high priestess of The Lady points at you, then curses. The high priestess of The Lady swings her mace. The high priestess of The Lady brains you! The high priestess of The Lady kicks! The high priestess of The Lady points at you, then curses. The high priestess of The Lady points at you, then curses. There is a high altar to The Lady (neutral) here. What do you want to sacrifice? [r or ?*] ? You offer the Amulet of Yendor to The Lady... An invisible choir sings, and you are bathed in radiance... The voice of The Lady rings out: "Mortal, thou hast done well!" "In return for thy service, I grant thee the gift of Immortality!" You ascend to the status of Demigoddess... Do you want your possessions identified? [ynq] (y) y Do you want to see your attributes? [ynq] (y) y Do you want an account of creatures vanquished? [ynaq] (y) y Do you want a list of species genocided and extinct? [ynq] (y) y Do you want to see your conduct and achievements? [ynq] (y) y Do you want to see the dungeon overview? [ynq] (y) y Major events: Turn 1: elenmirie the neutral female human Tourist entered the dungeon 1049: attained the rank of Sightseer (level 3) 3831: entered the Gnomish Mines 4848: destroyed the invisible nmlkj's ghost, the former Thaumaturge 5427: attained the rank of Excursionist (level 6) 5865: reached Mine Town 7769: bestowed with Mjollnir by The Lady 8572: entered Sokoban 8930: completed sokoban 1 9621: completed sokoban 2 10017: completed sokoban 3 11022: completed sokoban 4 11183: acquired the Sokoban bag of holding 12548: bestowed with Trollsbane by The Lady 15686: attained the rank of Peregrinatrix (level 10) 16756: acquired the Mines' End luckstone 17190: bestowed with Werebane by The Lady 18813: made her first wish - "blessed fixed +3 speed boots" 24793: became The Lady's Envoy of Balance 24793: bestowed with Vorpal Blade 28315: attained the rank of Traveler (level 14) 30967: attained the rank of Journeyer (level 18) 31903: made her first artifact wish - "blessed fixed Eye of the Aethiopica" 32089: found the Platinum Yendorian Express Card on the floor 32104: killed the Master of Thieves 32106: acquired the Bell of Opening 33996: killed Medusa 34260: entered Gehennom 34522: killed Yeenoghu 34770: attained the rank of Voyager (level 22) 36374: destroyed qt's ghost, the former Heroine 36379: found Excalibur on the floor 36385: found Sol Valtiva in a container 36905: performed her first genocide (class L) 36921: killed Juiblex 36930: killed Asmodeus 38219: killed Baalzebub 38484: killed the invisible Orcus 39829: killed the Wizard of Yendor 39830: acquired the Book of the Dead 40291: found Giantslayer on the floor 40338: killed the Wizard of Yendor (for the 2nd time; on level 38, Vlad's Tower) 40588: destroyed Vlad the Impaler 40592: acquired the Candelabrum of Invocation 40876: performed the invocation 40914: wished for "uncursed magic marker" 40916: wished for "uncursed magic marker" 41048: attained the rank of Explorer (level 26) 41165: killed the high priestess of Moloch 41171: acquired The Amulet of Yendor 41261: killed the Wizard of Yendor (for the 3rd time; on level 48, Gehennom) 41653: killed the Wizard of Yendor (for the 5th time; on level 38, Gehennom) 43041: entered the Elemental Planes 43041: entered Plane of Earth 43123: entered Plane of Air 43178: entered Plane of Fire 43225: entered Plane of Water 43229: genocided class ; 43456: entered the Astral Plane 43473: killed Pestilence 43498: killed the high priest (for the 2nd time) 43504: killed Pestilence (for the 2nd time) 43516: killed Pestilence (for the 3rd time) 43543: killed Death 43567: killed Death (for the 2nd time) 43582: killed Death (for the 3rd time) 43622: killed Famine 43643: ascended Inventory: Inventory: 975/1000 weight (31/52 slots) Amulets g - an uncursed iron amulet of flying (being worn) {22} H - the blessed Eye of the Aethiopica {20} Weapons p - the blessed corrodeproof +6 Werebane (wielded in right hand) {45} Armor Z - a blessed +5 mithril dwarvish helm (being worn) {19} R - a blessed burnt +5 pair of plastic gauntlets of power (being worn) {6} Q - a blessed fireproof +4 pair of speed boots (being worn) {15} K - a blessed fireproof +5 plastic cloak of protection (being worn) {15} m - a cursed +1 Hawaiian shirt with a bird of paradise motif (being worn) {4} k - an uncursed silver-scaled +4 leather studded armor (being worn) {150} Comestibles T - an uncursed K-ration {10} L - an uncursed lizard corpse {10} Potions D - a blessed potion of full healing {20} Rings V - a cursed ring of conflict (on left hand) {3} C - an uncursed ring of free action (on right hand) {2} Wands a - an uncursed wand of death (2:4) {7} J - an uncursed wand of death (0:3) {7} f - an uncursed wand of digging (0:1) {7} b - an uncursed wand of teleportation (0:5) {7} Tools w - a blessed bag of holding containing 104 items {447} n - a cursed tooled horn {18} M - the uncursed Bell of Opening (0:1) {10} q - the uncursed Candelabrum of Invocation (7 of 7 candles attached) {24} v - an uncursed magic lamp {20} W - an uncursed magic marker (1:28) {2} i - an uncursed +0 wooden pick-axe {37} N - the blessed Platinum Yendorian Express Card {6} e - an uncursed skeleton key {3} P - an uncursed stethoscope {4} x - an uncursed towel {5} u - a blessed +6 unicorn horn (wielded in left hand) {20} Gems/Stones d - a blessed luckstone {10} Contents of the bag of holding: an uncursed amulet of life saving an uncursed glass amulet of life saving 24 uncursed rusty +2 darts 6 uncursed +0 silver darts an uncursed +0 pair of cloth water walking boots an uncursed +0 leather cloak of magic resistance a blessed +0 mummy wrapping a blessed +0 set of gray dragon scales 2 uncursed carrots 8 uncursed eucalyptus leaves 3 uncursed food rations 7 uncursed K-rations 5 uncursed lembas wafers 8 blessed scrolls of blank paper 10 uncursed scrolls of blank paper 3 cursed scrolls of blank paper an uncursed scroll of charging a cursed scroll of destroy armor a blessed scroll of earth an uncursed scroll of earth a blessed scroll of fire 7 blessed scrolls of identify an uncursed scroll of identify 2 blessed scrolls of magic mapping an uncursed scroll of magic mapping a blessed scroll of remove curse 3 blessed scrolls of scare monster 2 uncursed scrolls of scare monster 2 uncursed scrolls of stinking cloud 9 uncursed scrolls of teleportation 5 cursed scrolls of teleportation an uncursed scroll of water 4 uncursed potions of booze an uncursed indestructible potion of full healing 6 uncursed potions of full healing an uncursed potion of gain energy 2 cursed potions of gain level a blessed potion of object detection an uncursed potion of paralysis a cursed potion of paralysis a blessed potion of restore ability an uncursed potion of restore ability 2 uncursed potions of see invisible 7 potions of holy water 8 uncursed potions of water 3 potions of unholy water an uncursed ring of conflict an uncursed +2 ring of gain constitution an uncursed ring of invisibility an uncursed ring of levitation an uncursed ring of protection from shape changers an uncursed ring of protection from shape changers an uncursed ring of regeneration an uncursed ring of see invisible an uncursed ring of see invisible an uncursed ring of shock resistance an uncursed ring of shock resistance an uncursed ring of shock resistance an uncursed ring of slow digestion an uncursed ring of slow digestion an uncursed ring of stealth an uncursed ring of warning an uncursed wand of cold (0:7) an uncursed wand of cold (0:6) an uncursed wand of cold (0:4) an uncursed wand of create monster (0:11) a blessed wand of digging (0:7) an uncursed wand of digging (0:8) an uncursed wand of digging (0:8) an uncursed wand of digging (0:7) an uncursed wand of digging (0:7) an uncursed wand of digging (0:5) an uncursed wand of digging (0:5) an uncursed wand of digging (0:5) an uncursed wand of digging (0:4) an uncursed wand of fire (0:6) an uncursed wand of light (0:7) an uncursed wand of lightning (0:7) an uncursed wand of lightning (0:3) an uncursed wand of magic missile (0:4) an uncursed wand of sleep (0:2) a cursed wand of sleep (0:4) an uncursed wand of speed monster (0:6) an uncursed wand of speed monster (0:5) an uncursed wand of speed monster (0:5) an uncursed wand of speed monster (0:4) an uncursed wand of striking (0:7) an uncursed wand of striking (0:6) an uncursed wand of striking (0:5) an uncursed wand of striking (0:4) an uncursed wand of striking (0:4) an uncursed wand of teleportation (0:8) an uncursed wand of teleportation (0:7) an uncursed wand of teleportation (0:6) an uncursed wand of teleportation (0:5) an uncursed wand of teleportation (0:4) an uncursed wand of undead turning (0:8) an uncursed wand of wishing (0:2) an uncursed wand of wishing (0:2) an uncursed magic marker (1:3) 11 uncursed tallow candles a blessed wax candle an uncursed partly used wax candle a blessed luckstone Elenmirie the Tourist's attributes: Background: You were an Explorer, a level 26 female human Tourist. You were neutral, on a mission for The Lady who was opposed by Blind Io (lawful) and Offler (chaotic). You were heterosexual. You were in the endgame, on the Astral Plane. You entered the dungeon 43643 turns ago. You had 463269 experience points, 14731 more were needed for level 27. Basics: You had 193 out of 324 hit points. You had all 149 energy points (spell power). Your armor class was -35. Your wallet was empty. Autopickup was on for '0' plus thrown. Final Characteristics: Your strength was 25 (base:18/02, innate limit:18/100). Your dexterity was 18 (limit:18). Your constitution was 18 (limit:18). Your intelligence was 18 (limit:18). Your wisdom was 17 (peak:18, limit:18). Your charisma was 18 (limit:18). Final Status: You were flying. You were satiated. You were unencumbered. You were wielding two weapons at once. You were skilled in saber and two weapons. You also were skilled in unicorn horn and two weapons. Final Attributes: You were the Envoy of Balance. You were piously aligned. You were magic-protected. You were fire resistant. You were cold resistant. You were sleep resistant. You were disintegration-resistant. You were shock resistant. You were poison resistant. You were telepathic. You were aware of the presence of something. You had automatic searching. You caused conflict. You could teleport. You had teleport control. You had a moderate defense bonus (+7). You were protected. You took half spell damage. You were very fast. You had reflection. You had free action. You were extremely lucky. You had extra luck. Good luck did not time out for you. You survived. Miscellaneous: You encountered 2 bones levels. Total elapsed playing time was 20 hours, 55 minutes and 12 seconds. Vanquished creatures: Asmodeus Baalzebub Orcus Yeenoghu Juiblex the Wizard of Yendor (9 times) Death (thrice) Pestilence (4 times) Famine Vlad the Impaler 2 high clerics a mastodon Medusa 13 krakens the Master of Thieves an iron golem 2 ki-rin 2 storm giants 2 balrogs a purple worm 2 gray dragons a silver dragon 8 red dragons 4 white dragons an orange dragon 3 black dragons 4 green dragons 2 yellow dragons 10 minotaurs 4 jabberwocks 5 baluchitheria 19 Angels 4 stone golems 2 Olog-hai a master mind flayer a Nazgul 6 pit fiends 2 sandestins 6 hell hounds 2 displacer beasts 5 titanotheres 3 trappers 2 guardian nagas a disenchanter 29 vampire leaders 5 shades 4 skeletons 25 aligned clerics 8 captains 7 liches a nurse 3 ice devils 5 nalfeshnees a mumak 2 lurkers above 2 Aleaxes a frost giant 4 ettins 2 golden nagas a black pudding 31 vampires 10 lieutenants an archeologist a knight 2 queen bees a winged gargoyle 9 giant mimics 11 orc-captains a long worm 2 zruties 4 fire giants 7 ogre tyrants 5 elven monarchs 4 ice trolls 4 rock trolls 3 umber hulks 2 flesh golems a doppelganger a hezrou 13 bone devils 6 large mimics 3 wumpuses 4 fire vortices 3 couatls 13 stalkers 2 fire elementals 7 earth elementals 2 water elementals a hill giant 2 giant mummies a black naga an elf-noble 5 xorns 19 giant zombies 22 sergeants 7 barbed devils 7 vrocks 12 salamanders 9 wargs a winter wolf 7 hell hound pups 25 small mimics 6 glass piercers 2 warhorses 4 steam vortices 10 xans 2 ettin mummies 6 ogre leaders 12 trolls 6 quantum mechanics 2 wood golems 3 erinyes 11 mariliths a djinni 9 sharks 8 electric eels 6 gelatinous cubes 2 pyrolisks a large dog a freezing sphere 2 flaming spheres 7 shocking spheres a large cat 11 tigers 6 gargoyles 3 dwarf rulers 4 tengu 3 ochre jellies 5 leocrottas 7 energy vortices a mountain centaur 4 stone giants 2 elf mummies 2 human mummies 2 red nagas a green slime 5 Grey-elves 3 pythons 3 pit vipers 2 cobras 58 wraiths 4 carnivorous apes 18 ettin zombies 2 leather golems 117 soldiers a watchman 7 amorous demons 7 horned devils 10 chameleons 3 crocodiles 15 giant beetles 4 quivering blobs 33 cockatrices 8 wolves 4 winter wolf cubs 2 lynxes 4 panthers 11 gremlins 16 leprechauns a mountain nymph 6 iron piercers 89 giant spiders 7 scorpions a horse 3 ice vortices a baby long worm 3 black lights 8 vampire bats 16 forest centaurs 7 gnome rulers 4 ogres 6 brown puddings 5 Green-elves 7 rust monsters 18 owlbears 6 yetis 2 werewolves 7 piranha 15 giant eels 13 lizards 10 guides 6 chickatrices 2 dingoes a dog 4 jaguars 5 dwarf leaders 4 blue jellies a water nymph 4 white unicorns 3 black unicorns 5 dust vortices 22 ravens 11 plains centaurs a Kop Kaptain 7 gnome mummies a Woodland-elf 5 snakes 5 water moccasins 58 ghosts 3 apes 25 human zombies 15 soldier ants 12 fire ants an imp 4 lemures 7 quasits 5 wood nymphs 34 bugbears 3 Mordor orcs 23 Uruk-hai 10 orc shamans 8 rock piercers 3 rock moles 3 fog clouds 8 yellow lights 8 shriekers 5 violet fungi 21 gnome leaders 7 gnomish wizards 3 Kop Lieutenants 3 kobold mummies a black naga hatchling a guardian naga hatchling 5 gray oozes 17 elf zombies 18 ghouls 2 straw golems 3 paper golems 6 jellyfish a baby crocodile 11 giant ants 7 floating eyes 23 dwarves 3 homunculi 4 kobold leaders a kobold shaman 23 hill orcs 14 rothes 2 rabid rats 10 centipedes 4 giant bats a monkey 22 orc zombies 19 dwarf zombies a wererat 4 iguanas 12 killer bees 4 acid blobs 5 coyotes 9 hobbits 4 manes 5 large kobolds 22 hobgoblins an orc 12 giant rats 13 cave spiders 4 brown molds 6 yellow molds 8 green molds 5 red molds 64 gnomes 8 Keystone Kops 2 garter snakes 19 gnome zombies 15 geckos 6 jackals 2 kobolds 15 goblins 3 sewer rats 23 grid bugs 4 bats 15 lichens 20 kobold zombies 11 newts 2120 creatures vanquished. Genocided or extinct species: liches demiliches master liches arch-liches soldiers (extinct) erinyes (extinct) jellyfish piranha sharks giant eels electric eels krakens 10 species genocided. 2 species extinct. Voluntary challenges: You read items or engraved 123 times. You genocided 10 types of monsters. You never polymorphed an object. You never changed form. You used 4 wishes (1 for an artifact). You never owned a pet. You never scared an enemy with impunity. You did not violate any of the special Sokoban rules. Achievements: You attained the rank of Sightseer. You entered a shop. You entered the Gnomish Mines. You attained the rank of Excursionist. You entered Minetown. You entered Sokoban. You completed Sokoban. You attained the rank of Peregrinatrix. You completed the Gnomish Mines. You had the Bell of Opening. You learned the tune to open and close the Castle's drawbridge. You attained the rank of Traveler. You attained the rank of Journeyer. You had the Bell of Opening. You defeated Medusa. You entered Gehennom. You attained the rank of Voyager. You handled the Book of the Dead. You had the Candelabrum of Invocation. You gained access to Moloch's Sanctum. You attained the rank of Explorer. You reached the Elemental Planes. You reached the Astral Plane. You delivered the Amulet of Yendor. You ascended! The Elemental Planes: Astral Plane: <- You are here. Many temples. Plane of Water: Plane of Fire: Plane of Air: Plane of Earth: The Dungeons of Doom: levels 1 to 27 Level 1: An altar to The Lady. One way stairs up to The Elemental Planes. Level 2: A tree. Level 3: A health food store, a fountain, a grave. Stairs down to The Gnomish Mines. Level 4: A grave. Final resting place for nmlkj-Wiz-Hum-Mal-Cha, killed by a killer bee. Level 5: Some fountains, many trees. Oracle of Delphi. Level 6: Stairs up to Sokoban, level 5. Level 7: Some shops, an altar to The Lady, some fountains. Level 8: Level 9: A fountain, a sink, a grave. Level 10: Some fountains. Level 11: Portal to The Quest. Level 12: A temple to The Lady, a fountain. Level 13: A tree. Level 14: Some altars. Level 15: Level 16: Some fountains, a sink. Level 17: Some fountains. Level 18: Level 19: A general store, a fountain. Level 20: A fountain. Level 21: A throne, some fountains. Level 22: A fountain. Level 23: A fountain, a grave. Level 24: A wand shop, a sink, a tree. Level 25: A fountain, a grave. Level 26: Many trees. Level 27: A fountain. The castle (play notes "AACAD" to open or close drawbridge). Connection to Gehennom. Gehennom: levels 28 to 50 Level 28: A temple, many graves. Valley of the Dead. Level 29: A temple, many graves. Level 30: A grave. Final resting place for qt-Val-Hum-Fem-Law, killed by a priest of Moloch, while paralyzed. Level 31: Level 32: A fountain. Level 33: Level 34: Level 35: Level 36: A temple. Level 37: A grave. Level 38: Some shops, an altar, many graves. Level 39: Level 40: Stairs up to Vlad's Tower, level 39. Level 41: Level 42: Some graves. Level 43: Level 44: A fountain. Level 45: Many graves. Level 46: Level 47: Level 48: Level 49: Level 50: A temple, many graves. Moloch's Sanctum. The Gnomish Mines: levels 4 to 11 Level 4: Level 5: Level 6: A lighting shop, an altar to The Lady, some fountains. Level 7: Level 8: Level 9: Level 10: Level 11: The Quest: levels 1 to 5 Level 1: Many graves. Completed quest for Twoflower. Level 2: Level 3: Some shops, many graves. Level 4: Level 5: Some shops, many graves. Sokoban: levels 5 up to 2 Level 2: Solved. Level 3: Solved. Level 4: Solved. Level 5: Solved. Vlad's Tower: levels 39 up to 36 Level 36: Level 37: Level 38: Level 39: Aloha elenmirie the Demigoddess... You went to your reward with 2367340 points, Werebane (worth 1500 zorkmids and 3750 points) The Candelabrum of Invocation (worth 5000 zorkmids and 12500 points) The Eye of the Aethiopica (worth 4000 zorkmids and 10000 points) The Bell of Opening (worth 5000 zorkmids and 12500 points) The Platinum Yendorian Express Card (worth 7000 zorkmids and 17500 points) 2 amulets of life saving (worth 300 zorkmids), 1 amulet of flying (worth 150 zorkmids), and 0 pieces of gold, after 43643 moves. You were level 26 with a maximum of 324 hit points when you ascended.